Cogmind - Beta 14 *** ADVENTURER MODE // 2024.10.09 @ 19:17:28 // Winter2019/RPGLIKE Player: Gallgagger Result: Destroyed by as-15849 with Assembled Rifle Performance ------------- Evolutions (0) 0 Regions Visited (2) 400 Robots Destroyed (17) 85 Value Destroyed (436) 436 Prototype IDs (3) 60 Alien Tech Used (0) 0 Bonus (0) 0 TOTAL SCORE: 981 Bonus ------- None Cogmind --------- Core Integrity 0/600 Matter 300/300 Energy 100/100 System Corruption 0% Temperature Cool (0) Movement Rolling (80) Location -10/Mines Parts ------- > --- POWER (2) -------- (None) > --- PROPULSION (2) --- Wheel Wheel > --- UTILITY (2) ------ (None) > --- WEAPON (2) ------- Medium Laser Hammer > --- INVENTORY (0) ---- (None) Peak State ------------ > --- POWER ------------ Ion Engine Light Nuclear Core > --- PROPULSION ------- Wheel Wheel > --- UTILITY ---------- Propulsion Shielding Light Armor Plating > --- WEAPON ----------- Medium Laser Hammer > --- INVENTORY -------- (None) [Rating: 10] Favorites ----------- Power Ion Engine Engine Ion Engine Power Core Light Nuclear Core Propulsion Wheel Wheel Wheel Utility Propulsion Shielding Protection Propulsion Shielding Weapon Medium Laser Energy Gun Medium Laser Energy Cannon Beam Cannon Ballistic Gun Assault Rifle Impact Weapon Hammer Build | -11 -10 -10 ------- Run | Yrd Mat Min Slots Evolved 4 | 4 . . Power 1 | 1 . . Propulsion 1 | 1 . . Utility 1 | 1 . . Weapon 1 | 1 . . Parts Attached 13 | 7 5 1 Power 3 | 2 . 1 Engine 2 | 2 . . Core 1 | . . 1 Reactor . | . . . Propulsion 2 | 2 . . Treads . | . . . Leg . | . . . Wheel 2 | 2 . . Hover . | . . . Flight . | . . . Utility 2 | . 2 . Device . | . . . Storage . | . . . Processor . | . . . Hackware . | . . . Protection 2 | . 2 . Artifact . | . . . Weapon 6 | 3 3 . Energy Gun 2 | 1 1 . Energy Cannon 1 | . 1 . Ballistic Gun 2 | 2 . . Ballistic Cannon . | . . . Launcher . | . . . Special Weapon . | . . . Impact Weapon 1 | . 1 . Slashing Weapon . | . . . Piercing Weapon . | . . . Special Melee Weapon . | . . . Unidentified Prototypes . | . . . Parts Lost 2 | . . 2 Power . | . . . Propulsion . | . . . Utility 2 | . . 2 Weapon . | . . . Highest Loss Streak 2 | . . 2 To Critical Strikes . | . . . Average Slot Usage (%) 89 | . 87 97 Engine 23 | . 25 21 Wheel 25 | . 25 25 Protection 15 | . 12 23 Energy Gun 9 | . 8 12 Energy Cannon 2 | . 2 . Ballistic Gun 6 | . 8 . Impact Weapon 7 | . 5 12 Peak Build Rating 10 | 6 8 10 Average Rating 7 | 4 7 8 On Entrance 4 | . 6 8 Naked Turns . | . . . Heaviest Build 18 | 12 16 18 Greatest Support 20 | 20 20 20 Greatest Overweight (x) . | . . . Average Overweight (x) . | . . . Largest Inventory Capacity . | . . . Average Capacity . | . . . Most Carried . | . . . Average Carried . | . . . Final Capacity . | . . . Final Carried . | . . . Class Distribution -------------------- 88% | Hacker-Mutant 11% | Mutant Dominant Class ---------------- Hacker-Mutant | -10/Materials Hacker-Mutant | -10/Mines Resources | -11 -10 -10 ----------- Run | Yrd Mat Min Matter Collected 419 | 270 129 20 Remotely . | . . . Salvage Created 346 | . 265 81 Parts 20 | . 15 5 Haulers Intercepted 2 | . 2 . Recyclers Shooed . | . . . Parts Field Recycled . | . . . Retrieved Matter . | . . . Parts Self-Destructed . | . . . Prevented . | . . . Kills | -11 -10 -10 ------- Run | Yrd Mat Min Combat Hostiles Destroyed 13 | . 7 6 Melee 4 | . 1 3 Guns 4 | . 4 . Cannons 1 | . 1 . AOE 1 | . 1 . Classes Destroyed 7 | . 6 1 Worker 1 | . 1 . Builder 1 | . 1 . Hauler 2 | . 2 . Watcher 2 | . 2 . Swarmer 3 | . 3 . Grunt 8 | . 4 4 Assembled 2 | . . 2 Best Kill Streak 5 | . 5 2 Combat Bots Only 3 | . 3 2 Max Kills in Single Turn 3 | . 3 1 Gunslinging . | . . . Exploded 1 | . 1 . Melee 1 | . 1 1 Uniques/NPCs Destroyed . | . . . Combat | -11 -10 -10 -------- Run | Yrd Mat Min Hostile Shots Fired 151 | . 36 115 Missed 35 | . 8 27 Damage Taken 1360 | . 300 1060 Core 983 | . 233 750 Absorbed by Shields . | . . . Redirected to Core 696 | . 172 524 Redirected to Shielding 71 | . 13 58 Ignored by Resistances 460 | . 87 373 Core Remaining (%) 100 | 100 . . Volleys Fired 32 | . 32 . Largest 2 | . 2 . Hottest 110 | . 110 . Shots Fired 64 | . 64 . Gun 47 | . 47 . Cannon 17 | . 17 . Launcher . | . . . Special . | . . . Kinetic 30 | . 30 . Thermal 34 | . 34 . Explosive . | . . . Electromagnetic . | . . . Robot Hit Streak 12 | . 12 . Robot Miss Streak 8 | . 8 . Penetration Max . | . . . Secondary Targets . | . . . Shots Hit Robots 68 | . 48 20 Core Hits 19 | . 16 3 Critical Kills 1 | . . 1 Critical Parts Destroyed 4 | . 1 3 Critical Strikes 6 | . 2 4 Burn 1 | . 1 . Smash 5 | . 1 4 Melee Attacks 29 | . 8 21 Impact 29 | . 8 21 Slashing . | . . . Piercing . | . . . Sneak Attacks . | . . . Combat Hostiles . | . . . Follow-up Attacks . | . . . Damage Inflicted 1537 | . 1043 494 Guns 381 | . 381 . Cannons 191 | . 191 . Explosions 280 | . 280 . Melee 685 | . 191 494 Ramming . | . . . Kinetic 193 | . 193 . Thermal 659 | . 659 . Explosive . | . . . Electromagnetic . | . . . Impact 685 | . 191 494 Slashing . | . . . Piercing . | . . . Highest Corruption . | . . . Average Corruption . | . . . Corruption Purged . | . . . Corruption Blocked . | . . . Overload Shots . | . . . Overflow Damage 210 | . 155 55 Projectiles . | . . . Explosions 106 | . 106 . Melee 104 | . 49 55 Knockbacks 2 | . 1 1 Impact 2 | . 1 1 Kinetic . | . . . Secondary . | . . . Self-Inflicted Damage 31 | . 31 . Shots 1 | . 1 . Rammed . | . . . Targets Rammed . | . . . Kicked . | . . . Crushed . | . . . Highest Temperature 337 | . 337 . Average Temperature 105 | . 105 . Received Heat Transfer 606 | . 162 444 Effects 5 | . 5 . Shutdowns 2 | . 2 . Interference 2 | . 2 . Matter Decay 1 | . 1 . Siege Activations . | . . . Robots Corrupted 5 | . 2 3 Combat Hostiles 3 | . . 3 Parts Fried 7 | . 6 1 Impact Corruptions 10 | . 5 5 Robots Melted . | . . . Combat Hostiles . | . . . Parts Melted 2 | . 2 . Heat Transferred 1236 | . 1236 . Parts Sabotaged . | . . . Parts Stolen . | . . . Parts Stripped . | . . . Power Chain Reactions . | . . . Alert | -11 -10 -10 ------- Run | Yrd Mat Min Peak Influence 266 | . 266 148 Initial 39 | . . 39 Average 91 | . 97 96 Maximum Alert Level 1 | . 1 . Low Security (%) 89 | 100 84 100 Level 1 10 | . 15 . Level 2 . | . . . Level 3 . | . . . Level 4 . | . . . Level 5 . | . . . High Security . | . . . Max Security . | . . . Squads Dispatched 1 | . 1 . Investigation 1 | . 1 . Extermination . | . . . Reinforcement . | . . . Assault . | . . . Garrison . | . . . Intercept . | . . . Searches Triggered . | . . . Construction Impeded . | . . . Haulers Reinforced . | . . . Active Scanning Responses . | . . . Cargo Convoy Interrupts . | . . . Stealth | -11 -10 -10 --------- Run | Yrd Mat Min Distress Signals 1 | . 1 . Communications Jammed . | . . . Distress Signals . | . . . Times Spotted 39 | . 14 25 Peak Tracking Total 21 | . 3 21 Tactical Retreats 2 | . 1 1 Traps | -11 -10 -10 ------- Run | Yrd Mat Min Traps Triggered 1 | . 1 . Indirectly . | . . . Trap Hack Attempts . | . . . Triggered . | . . . Disarmed 2 | . 2 . Reprogrammed . | . . . Reused . | . . . Traps Extracted . | . . . Installed . | . . . Triggered . | . . . Machines | -11 -10 -10 ---------- Run | Yrd Mat Min Machines Disabled 4 | . 3 1 Max in Single Turn 2 | . 2 1 Machines Repaired . | . . . Machines Dismantled . | . . . Machines Sabotaged . | . . . Overloaded Fab Kills . | . . . Hacking | -11 -10 -10 --------- Run | Yrd Mat Min Machines Accessed 7 | . 7 . Terminals 7 | . 7 . Fabricators . | . . . Repair Stations . | . . . Recycling Units . | . . . Scanalyzers . | . . . Garrison Access . | . . . Total Hacks 36 | . 36 . Successful 29 | . 29 . Failed 7 | . 7 . Catastrophic . | . . . Database Lockouts . | . . . Manual 20 | . 20 . Terminals 36 | . 36 . Fabricators . | . . . Repair Stations . | . . . Recycling Units . | . . . Scanalyzers . | . . . Garrison Access . | . . . Terminal Hacks 18 | . 18 . Robot Analysis 4 | . 4 . Prototype ID Bank 2 | . 2 . Branch Access Points 1 | . 1 . Emergency Access Points 1 | . 1 . Alert Level 1 | . 1 . Unreport Threat 2 | . 2 . Locate Traps 2 | . 2 . Disarm Traps 4 | . 4 . Reprogram Traps 1 | . 1 . Fabricator Hacks . | . . . Repair Station Hacks . | . . . Recycling Unit Hacks . | . . . Scanalyzer . | . . . Garrison Access Hacks . | . . . Unauthorized Hacks 11 | . 11 . Terminals 11 | . 11 . Botnet 7 | . 7 . Disrupt 4 | . 4 . Fabricators . | . . . Repair Stations . | . . . Recycling Units . | . . . Scanalyzers . | . . . Garrison Access . | . . . Data Cores Recovered . | . . . Used . | . . . Hacking Detections 7 | . 7 . Full Trace Events . | . . . Feedback Events . | . . . Feedback Blocked . | . . . Robot Schematics Acquired . | . . . Robots Built . | . . . Authchips . | . . . Time . | . . . Total Robot Build Rating . | . . . Part Schematics Acquired . | . . . Parts Built . | . . . Authchips . | . . . Time . | . . . Total Part Build Rating . | . . . Parts Repaired . | . . . Time . | . . . Parts Recycled . | . . . Recycled Matter . | . . . Retrieved Matter . | . . . Retrieved Components . | . . . Parts Scanalyzed . | . . . Part Schematics Acquired . | . . . Parts Damaged . | . . . Bothacking | -11 -10 -10 ------------ Run | Yrd Mat Min Used RIF Installer . | . . . Robots Hacked . | . . . Non-combat . | . . . Combat . | . . . Robot Hacks Applied . | . . . Relay Couplers Released . | . . . Fabnet Peak Effective % . | . . . Robots Rewired . | . . . Allies Hacked . | . . . Hacks Repelled . | . . . Allies | -11 -10 -10 -------- Run | Yrd Mat Min Total Allies . | . . . Largest Group . | . . . Highest-Rated Group . | . . . Highest-Rated Ally . | . . . Total Orders . | . . . Ally Attacks . | . . . Total Damage . | . . . Kills . | . . . Allies Corrupted . | . . . Allies Melted . | . . . Intel | -11 -10 -10 ------- Run | Yrd Mat Min Robot Analysis Total 4 | . 4 . Derelict Logs Recovered . | . . . Drone Launches . | . . . Drone Recoveries . | . . . Exploration | -11 -10 -10 ------------- Run | Yrd Mat Min Turns Passed 944 | 53 657 234 Spaces Moved 860 | 54 612 194 Core 1 | 1 . . Treads . | . . . Legs . | . . . Wheels 859 | 53 612 194 Hover . | . . . Flight . | . . . Fastest Speed 50 | 50 80 80 Average Speed 79 | 79 80 80 Slowest Speed 80 | 80 80 80 Overloaded Moves . | . . . Propulsion Burnouts . | . . . Robots Hopped . | . . . Cave-ins Triggered . | . . . Exploration Rate (%) 51 | 4 98 53 Regions Visited 2 Branch Regions 1 Pre-discovered Areas . | . . . Known Exits Taken 1 | . 1 . Unknown Exits Taken 1 | 1 . . Scrap Searched . | . . . Spaces Dug . | . . . Terrain Destroyed 24 | . 24 . Melee . | . . . Projectile . | . . . AOE 24 | . 24 . Terrain Rammed . | . . . Walls Destroyed . | . . . Machines Disabled . | . . . Actions | -11 -10 -10 --------- Run | Yrd Mat Min Total 997 | 60 701 236 Wait 39 | . 39 . Move 858 | 53 611 194 Hop . | . . . Pick Up . | . . . Fast Attach 8 | 6 2 . Attach . | . . . Detach . | . . . Swap 5 | 1 3 1 Drop 1 | . . 1 Fire 32 | . 32 . Melee 29 | . 8 21 Ram . | . . . Kick . | . . . Crush . | . . . Escape Stasis . | . . . Rewire . | . . . Trap . | . . . Miscellaneous 25 | . 6 19 Route ------- -11/Scrapyard -10/Materials (discovered 4 exits: [*Mat x3] / *Min) -10/Mines (discovered 1 exit: [*Mat]) History --------- Turn | Location | Event 1 | -11/Scrapyard | Upgraded with Power slot (x1) 1 | -11/Scrapyard | Upgraded with Propulsion slot (x1) 1 | -11/Scrapyard | Upgraded with Utility slot (x1) 1 | -11/Scrapyard | Upgraded with Weapon slot (x1) 12 | -11/Scrapyard | Discovered new exit (range 16) 54 | -11/Scrapyard | Entered Materials 198 | -10/Materials | Discovered new exit (range 16) 412 | -10/Materials | Build established: Hacker-Mutant 429 | -10/Materials | Discovered new exit (range 16) 551 | -10/Materials | Identified exit to Mines 553 | -10/Materials | Discovered new exit (range 14) 650 | -10/Materials | Discovered new exit (range 15) 711 | -10/Materials | Entered Mines 713 | -10/Mines | Reached level 2 904 | -10/Mines | Assembled infested the area 904 | -10/Mines | Discovered new exit (range 10) 909 | -10/Mines | Assisted by a Guerilla fighting off Assembled 934 | -10/Mines | Core integrity fell below 50% 942 | -10/Mines | Core integrity fell below 20% 945 | -10/Mines | Destroyed by as-15849 with Assembled Rifle Last Messages --------------- 00925_ Lgt. Armor Plating destroyed. 00925_ as-62023 sneak attacks. 00928_ Lgt. Nuclear Core severed. 00928_ K-01 Serf destroyed. 00930_ Destroyed Asb. F-torch. 00930_ as-17879 system corrupted by crushing effect. 00931_ as-17879 system terminally corrupted. 00933_ The unstable cave ceiling collapses. 00935_ as-12857 destroyed. 00936_ K-01 Serf destroyed. 00936_ as-37864 suffers critical hit (Smash). 00936_ as-37864 destroyed. 00937_ The unstable cave ceiling collapses. 00937_ U-05 Engineer builds a Wall. 00937_ U-05 Engineer suffers critical hit (Destroy). 00937_ U-05 Engineer destroyed. 00941_ Propulsion Shielding destroyed. 00941_ Ion Engine severed. Map ----- +----------------------------------------------------+ | | | | | | | | | | | | | | | | | | | | | | | ?????????????????????????????????????????????????? | | ?????????????????????????????????????????????????? | | ?????????????????????????????????????????????????? | | ?????????????????????????????????????????????????? | | ?????????????????????????????????????????????????? | | ?????????????????????????????????????????????????? | | ????????????????????????????????????#????????????? | | ??????????????????????????????????? #????????????? | | ###############???????????????????? ?????????????? | | ? #??????????????????? ?####?????????? | | # """ """ """ #??????????####???? # #?????????? | | # """ """ """ #??????????# ###? * #?????????? | | # """ " """ #?????????## # ## ####??????? | | # [ #?????????#aaaaaa% =a ????? | | # """ """ *"" #?????????#@aaa=aa *%% # #????????? | | # """ """=%"" #????######a####### ; ####?# ????? | | # """ """ """ #???## =## # # ??????? | | # #???# %<%# = * % ## =???? | | # """ """ """ #???# =*! %%%!%%!%= |= ????? | | # """ """ """ #???## =#% =%% = =#???????????? | | # """ """ """ ######## # # ????? | | # #### ## ## ?????? | | # """ """ """ ## ### #??## #######???????? | | # """ """ """ ## #?# #???## ####?????????????? | | ??""" """ """ ### ###?# ###???????????????? | | ?? #### #?## #?????????????????? | | ??################ #?# #?????????????????? | | ?????????????# """ #### #?????????????????? | | ?????????????# """ #?????????????????? | | ?????????????# ## """ #### #?????????????????? | | ?????????????# ## #??######?????????????????? | | ?????????????# ## #?????????????????????????? | | ?????????????# ## #?????????????????????????? | | ?????????????# ########?????????????????????????? | | ?????????????# #????????????????????????????????? | | ????????###### #????????????????????????????????? | | ????????# #????????????????????????????????? | | ????????## #????????????????????????????????? | | ?????????##### #????????????????????????????????? | +----------------------------------------------------+ Best States ------------- Heat Dissipation 55 Energy Generation 19 Energy Capacity 310 Matter Stores 300 Matter Capacity 300 Sight Range 16 Terrain Scan Density 10 Armor Coverage 150 Resistance: KI 25 Resistance: TH 25 Resistance: EX 25 Resistance: EM 20 Resistance: I 20 Resistance: S 20 Resistance: P 20 Propulsion Shielding 33 Evasion (%) 44 Offensive Hacking 25 Defensive Hacking 10 Item Schematics ----------------- None Robot Schematics ------------------ None Fabricated ------------ Nothing Alien Tech Used ----------------- None Achievements -------------- None Challenges ------------ None RPGLIKE | -11 -10 -10 --------- Run | Yrd Mat Min Levels Raised 1 | . . 1 XP Earned 6170 | 4000 1125 1045 XP Spent 5300 | 2000 1950 1350 Upgrades 19 | 4 6 9 Power Slot 1 | 1 . . Propulsion Slot 1 | 1 . . Utility Slot 1 | 1 . . Weapon Slot 1 | 1 . . Heat Dissipation 5 | . 1 4 Melee Accuracy 2 | . . 2 Hack Attack % 3 | . 3 . Hack Defense % 2 | . 2 . KI Resistance % 1 | . . 1 TH Resistance % 1 | . . 1 EX Resistance % 1 | . . 1 Protomatter Created 210 | . 81 129 Integrity Restored 487 | . 108 379 Core 377 | . 85 292 Parts 110 | . 23 87 Protomatter Decayed 34 | . 34 . Game ------ Seed VampiricAlphaStorage Manual? 0 Play Time 00:23:11 Cumulative 142.8 hours Start 2024.10.09 @ 14:43:40 End 2024.10.09 @ 19:17:28 Sessions 1 Manual Loads 0 Difficulty Adventurer Special Mode Winter2019/RPGLIKE Game No. 80 Rogue 0 Adventurer 80 Explorer 0 Win Type - Total 6 Types 2/0/2/2/0/0/0/0/0 Lore% 63 Gallery% 58 Achievement% 71 Wizard Run 0 Options --------- Layout 2 ASCII 0 Keyboard 0 Movement Numpad Keybinds 0 Fullscreen 2 Font 24/Smallcaps Map View 50x44 Zoom Use 0% Tactical HUD 1 Map Filters NONE Filters NONE Steam 1 RUN: e388230c-100a-4924-8b3a-9d2902730fba